AoeStats
← El Murga!

Arena

507586707Analyzed
4v4 RM · 13d ago on Sep 18, 2026· 45m 56s· 8 players
Game mode
Random Map
Map size
Large (8 player)
Population
200
Speed
Normal
Resources
Standard
Victory
Conquest
Starting age
Dark Age
Ending age
Imperial Age
RankedLock teamsTeams togetherTeam positionsShared explorationLock speedFull tech treeHidden civsTurbo modeCheats
Victory
Defeat
🇻🇳 Poles · Vietnam
1004
+17
🇲🇽 Huns · Mexico
974
+18
🇩🇪 Burgundians · Germany
945
+19
🇨🇱 Burmese · Chile
945
+19
🇦🇷 Italians · Argentina
1183
-25
🇦🇷 Persians · Argentina
979
-17
🇦🇷 Goths · Argentina
967
-16
🇦🇷 Franks · Argentina
942
-15
RaulelPiadoso
7:04 Loom
9:50 Feudal Age
10:24 Double-Bit Axe
17:59 Castle Age
23:46 Stone Mining
26:12 Wheelbarrow
26:59 Horse Collar
30:16 Imperial Age
27:57 Heavy Plow
28:12 Bow Saw
27:56 Fletching
28:56 Scale Barding Armor
29:02 Forging
28:59 Gold Mining
30:15 Chain Barding Armor
30:10 Town Watch
31:09 Gold Shaft Mining
31:31 Hand Cart
32:54 Iron Casting
32:36 Marauders
33:36 Plate Barding Armor
32:44 Cavalier
34:47 Blast Furnace
35:18 Town Patrol
37:22 Bodkin Arrow
37:34 Husbandry
37:44 Bloodlines
40:40 Bracer
41:47 Conscription
42:28 Light Cavalry
43:03 Paladin
Calcetin
10:41 Feudal Age
14:57 Castle Age
13:57 Horse Collar
14:22 Gold Mining
18:39 Redemption
18:50 Fervor
27:27 Pikeman
28:52 Loom
32:28 Wheelbarrow
31:56 Horse Collar
37:21 Imperial Age
35:22 Hand Cart
35:22 Fortified Wall
36:12 Heavy Plow
37:25 Sanctity
38:02 Manipur Cavalry
37:52 Cavalier
38:42 Bloodlines
38:33 Husbandry
40:01 Crossbowman
40:16 Heavy Cavalry Archer
41:21 Parthian Tactics
42:31 Chemistry
41:23 Fletching
41:34 Padded Archer Armor
42:10 Bodkin Arrow
42:25 Light Cavalry
44:16 Bracer
47:16 Chemistry
46:37 Ballistics
lnvis
2:44 Loom
4:58 Double-Bit Axe
12:01 Feudal Age
11:08 Horse Collar
13:04 Bow Saw
12:59 Heavy Plow
13:06 Gold Mining
14:06 Stone Mining
16:15 Wheelbarrow
21:16 Castle Age
20:45 Scale Barding Armor
20:51 Forging
22:03 Gold Shaft Mining
21:20 Cavalier
22:00 Husbandry
26:10 Chain Barding Armor
27:53 Hand Cart
29:14 Iron Casting
31:07 Two-Man Saw
31:17 Burgundian Vineyards
36:05 Imperial Age
35:03 Crop Rotation
35:43 Fortified Wall
37:13 Conscription
36:14 Elite Coustillier
36:26 Elite Coustillier
37:44 Plate Barding Armor
38:10 Blast Furnace
phaple295
4:38 Loom
El Murga!
10:43 Feudal Age
14:49 Castle Age
13:05 Horse Collar
13:12 Double-Bit Axe
22:03 Imperial Age
20:06 Bow Saw
24:01 Chemistry
30:09 Padded Archer Armor
30:38 Stone Mining
34:20 Leather Archer Armor
38:44 Wheelbarrow
38:03 Loom
40:04 Two-Man Saw
39:07 Heavy Plow
42:16 Fortified Wall
Deiv
12:22 Feudal Age
14:59 Wheelbarrow
15:50 Double-Bit Axe
18:08 Castle Age
16:27 Gold Mining
17:10 Stone Mining
17:20 Horse Collar
19:47 Bow Saw
24:25 Pikeman
27:30 Stone Shaft Mining
28:16 Hand Cart
27:47 Loom
29:36 Squires
30:50 Town Watch
34:58 Imperial Age
37:00 Two-Man Saw
36:12 Forging
36:02 Scale Mail Armor
36:27 Conscription
36:11 Perfusion
36:13 Anarchy
37:16 Halberdier
39:37 Iron Casting
39:17 Chain Mail Armor
38:36 Man-at-Arms
42:15 Blast Furnace
41:07 Fletching
41:17 Padded Archer Armor
44:14 Elite Huskarl
45:00 Heavy Plow
Sensei
10:53 Feudal Age
12:15 Wheelbarrow
11:26 Double-Bit Axe
11:26 Horse Collar
17:04 Castle Age
16:43 Stone Mining
16:50 Gold Mining
17:51 Hand Cart
17:47 Bow Saw
17:55 Loom
23:12 Murder Holes
36:39 Heavy Plow
40:06 Pikeman
41:05 Squires
41:32 Scale Mail Armor
45:11 Chain Mail Armor
45:06 Forging
Le1t0ftw!
8:23 Loom
12:12 Feudal Age
13:30 Double-Bit Axe
17:21 Wheelbarrow
20:24 Castle Age
19:34 Gold Mining
20:11 Forging
20:49 Scale Barding Armor
26:15 Husbandry
27:13 Hand Cart
28:25 Iron Casting
31:33 Chain Barding Armor
34:36 Stone Mining
36:51 Gold Shaft Mining
37:54 Bow Saw
43:41 Imperial Age
44:13 Cavalier
Connection lost

Rejoining the realm…

Still unreachable

The connection could not be restored.

Session expired

The server has moved on; the page needs a fresh start.